 Dungeon Crawl Stone Soup version 0.31-a0-819-gf6de2f5ab6 (webtiles) character file.

Game seed: 3047475400080764792

115294 Kurtz the Severer (level 16, -3/118 HPs)
             Began as an Octopode Fighter on Sept 24, 2023.
             Was the Champion of Makhleb.
             Slain by a salamander
             ... wielding a +0 heavy halberd
              (8 damage)
             ... on level 2 of the Snake Pit on Sept 25, 2023.
             The game lasted 00:58:28 (26868 turns).

Kurtz the Severer (Octopode Fighter)               Turns: 26868, Time: 00:58:29

Health: -3/118     AC: 13    Str: 29    XL:     16   Next: 68%
Magic:  24/24      EV: 20    Int: 12    God:    Makhleb [******]
Gold:   1461       SH: 20    Dex: 15    Spells: 14/21 levels left

rFire   + . .        w - +4 broad axe "Adalou" {speed, Str+3}
rCold   . . .        E - +0 tower shield
rNeg    + + +        u - +2 hat
rPois   +            (no amulet)
rElec   +            i - ring of willpower
rCorr   .            o - +4 ring of protection
SInv    +            y - ring of protection from fire
Will    ++...        z - ring "Fip Bieg" {Wiz rN+ Str+2}
Stlth   +++          e - +6 ring of strength
HPRegen 0.39/turn    S - ring of poison resistance
MPRegen 0.19/turn    d - ring of the Octopus King {HP+2 AC+2 EV+2 SH+2 SInv}
                     a - ring "Rerit" {rElec rN++ AC+4}

%: wizardry (x1)
@: on berserk cooldown, hasted and slowed, studying Shields
A: almost no armour, amphibious, 8 rings, camouflage 1, gelatinous body 1,
(nimble swimmer 1), tentacles
a: Renounce Religion, Minor Destruction, Lesser Servant of Makhleb, Major
Destruction, Greater Servant of Makhleb


You were on level 2 of the Snake Pit.
You worshipped Makhleb.
Makhleb was exalted by your worship.
You visited 4 branches of the dungeon, and saw 24 of its levels.
You also visited: Gauntlet.

You collected 3630 gold pieces.
You spent 2169 gold pieces at shops.

Inventory:

Hand Weapons
 w - the +4 broad axe "Adalou" (weapon) {speed, Str+3}
   (You acquired it on level 5 of the Lair of Beasts)

   Str+3:     It affects your strength (+3).
Missiles
 j - 29 poisoned darts (quivered)
Armour
 u - a +2 hat (worn)
 D - a +2 buckler of protection
 E - a +0 tower shield (worn)
Jewellery
 a - the ring "Rerit" (on tentacle) {rElec rN++ AC+4}
   (You found it in a Gauntlet)

   [ring of protection]

   AC+4:      It affects your AC (+4).
   rElec:     It insulates you from electricity.
   rN++:      It greatly protects you from negative energy.
 d - a ring of the Octopus King (on tentacle) {HP+2 AC+2 EV+2 SH+2 SInv}
   (You found it on level 5 of the Lair of Beasts)

   [ring of see invisible]

   AC+2:      It affects your AC (+2).
   EV+2:      It affects your evasion (+2).
   HP+2:      It affects your health (+2).
   SInv:      It lets you see invisible.
   SH+2:      It affects your SH (+2).
 e - a +6 ring of strength (on tentacle)
 i - a ring of willpower (left tentacle)
 o - a +4 ring of protection (right tentacle)
 y - a ring of protection from fire (on tentacle)
 z - the ring "Fip Bieg" (on tentacle) {Wiz rN+ Str+2}
   (You acquired it on level 5 of the Lair of Beasts)

   [ring of wizardry]

   Wiz:       It improves your spell success rate.
   Str+2:     It affects your strength (+2).
   rN+:       It protects you from negative energy.
 K - a ring of fire
 S - a ring of poison resistance (on tentacle)
Wands
 c - a wand of digging (2)
 n - a wand of quicksilver (25)
 N - a wand of flame (2)
 W - a wand of charming (17)
Scrolls
 b - a scroll of butterflies
 k - 4 scrolls of revelation
 l - 4 scrolls of fear
 s - 2 scrolls of enchant armour
 t - 6 scrolls of teleportation
 v - a scroll of silence
 x - 2 scrolls of immolation
 H - a scroll of poison
 L - 3 scrolls of fog
 M - 4 scrolls of brand weapon
 V - 4 scrolls of blinking
Potions
 g - a potion of berserk rage
 h - 10 potions of curing
 m - 3 potions of haste
 p - 3 potions of lignification
 q - 3 potions of resistance
 r - 10 potions of heal wounds
 A - 4 potions of magic
 G - a potion of ambrosia
 I - 2 potions of mutation
 J - 4 potions of brilliance
 O - 3 potions of might
 Q - a potion of cancellation
 R - a potion of enlightenment
Miscellaneous
 f - a sack of spiders
 F - a phial of floods (inert)
 U - a lightning rod (3/4)
 X - a tin of tremorstones (2/2)
 Y - a phantom mirror


   Skills:
 + Level 12.6 Fighting
 - Level 18.0 Axes
 * Level 11.6 Dodging
 - Level 1.6 Stealth
 * Level 13.7 Shields
 + Level 3.3 Spellcasting
 + Level 3.7 Necromancy
 + Level 2.0 Transmutations
 + Level 3.8 Earth Magic
 + Level 11.5 Invocations


You had 14 spell levels left.
You knew the following spells:

 Your Spells              Type           Power      Damage    Failure   Level
a - Borgnjor's Vile Clut  Necr/Erth      5%         N/A       75%         5
b - Wereblood             Tmut           6%         N/A       14%         2

Your spell library contained the following spells:

 Spells                   Type           Power      Damage    Failure   Level
 Necrotise                Necr           44%        1d6       4%          1
 Sandblast                Erth           22%        2d7       4%          1
 Passwall                 Tmut/Erth      7%         N/A       10%         2
 Cigotuvi's Dreadful Rot  Necr/Pois/Air  10%        N/A       19%         2
 Apportation              Tloc           2%         N/A       22%         1
 Freeze                   Ice            4%         1d3       22%         1
 Magic Dart               Conj           4%         1d3       22%         1
 Stone Arrow              Conj/Erth      12%        3d7       28%         3
 Blink                    Tloc           2%         N/A       32%         2
 Call Imp                 Summ           2%         N/A       32%         2
 Ensorcelled Hibernation  Hex/Ice        2%         N/A       32%         2
 Poisonous Vapours        Pois/Air       2%         N/A       32%         2
 Searing Ray              Conj           2%         2d4       32%         2
 Ignite Poison            Fire/Tmut/Pois 3%         N/A       43%         3
 Frozen Ramparts          Ice            2%         1d1       52%         3
 Hailstorm                Conj/Ice       1%         3d3       52%         3
 Mephitic Cloud           Conj/Pois/Air  1%         N/A       52%         3
 Ozocubu's Armour         Ice            1%         N/A       52%         3
 Swiftness                Air            1%         N/A       52%         3
 Volatile Blastmotes      Fire/Tloc      2%         2d10      52%         3
 Brom's Barrelling Bould  Conj/Erth      6%         2d3       65%         4
 Fulminant Prism          Conj/Hex       0%         3d5       89%         4
 Iskenderun's Mystic Bla  Conj/Tloc      1%         2d3       89%         4
 Manifold Assault         Tloc           1%         N/A       89%         4
 Olgreb's Toxic Radiance  Pois           1%         N/A       89%         4
 Sticky Flame             Conj/Fire      1%         2d3       89%         4
 Vhi's Electric Charge    Tloc/Air       2%         N/A       89%         4
 Alistair's Intoxication  Tmut/Pois      2%         N/A       98%         5
 Irradiate                Conj/Tmut      2%         3d12      98%         5
 Arcjolt                  Conj/Air       0%         1d10      99%         5
 Freezing Cloud           Conj/Ice/Air   0%         6-21      99%         5
 Conjure Ball Lightning   Conj/Air       0%         3x3d6     100%        6
 Eringya's Noxious Bog    Tmut/Pois      2%         4d6       100%        6
 Plasma Beam              Fire/Air       0%         2x1d10    100%        6
 Ozocubu's Refrigeration  Ice            0%         4d7       100%        7
 Discord                  Hex            0%         N/A       100%        8
 Disjunction              Tloc           0%         N/A       100%        8
 Ignition                 Fire           0%         3d3       100%        8
 Lehudib's Crystal Spear  Conj/Erth      3%         10d2      100%        8
 Animate Armour           Summ/Erth      Unusable   N/A       N/A         4

Dungeon Overview and Level Annotations

Branches:
Dungeon (15/15)            Temple (0/1) D:7            Lair (5/5) D:11
 Shoals (0/4) Lair:3        Snake (2/4) Lair:2        Slime (0/5) Lair:4
    Orc (2/2) D:11            Elf (0/3) Orc:2        Vaults (0/5) D:14
 Depths (0/4) D:15        Gauntlet (visited)

Altars:
Ashenzari
Dithmenos
Elyvilon
Gozag
Makhleb
Nemelex Xobeh
Ru
Sif Muna
Trog
Wu Jian
Yredelemnul
Zin
The Shining One

Shops:
D:2 *   D:14 !   Orc:2 :[*(:   Snake:1 ?

Annotations:
D:3 exclusion: downstairs
D:4 2 transporters, gribnar's ghost, amateur OpSh
D:5 exclusion: downstairs
D:13 exclusion: downstairs
D:14 exclusions: door and 2 downstairs
D:15 3 runed translucent doors, MrSquiggles's ghost, adept HuFE


Innate Abilities, Weirdness & Mutations

You cannot wear most types of armour.
You are amphibious.
You can wear up to eight rings at the same time.
Your skin changes colour to match your surroundings (Stealth+).
Your rubbery body absorbs attacks. (AC +1, EV +1)
((You are camouflaged when in or above water. (Stealth+)))
You have tentacles for arms and can constrict up to eight enemies at once.


Message History

The naga spits poison at you. The splash of poison misses you.
You hit the naga sharpshooter but do no damage.
You feel sick.
You are no longer poisoned.
You block the salamander's attack.
The naga sharpshooter shoots an arrow.
The arrow barely misses you.
The arrow hits the salamander.
Your orange demon barely misses the salamander.
The salamander hits you from afar with a +0 halberd!
You are engulfed in flames!
You resist.
* * * LOW HITPOINT WARNING * * *
The naga spits poison at you.
The splash of poison hits you but does no damage.
You resist. The salamander misses you.
You slash the naga sharpshooter!
The naga sharpshooter is lightly wounded.
The naga sharpshooter mumbles some strange words.
The naga sharpshooter magically shoots an arrow.
The arrow hits you!
* * * LOW HITPOINT WARNING * * *
Your orange demon stings the salamander from afar.
The salamander looks as sick as possible!
Your orange demon poisons the salamander!
The salamander hits you but does no damage.
You block the salamander's attack. The naga spits poison at you.
The splash of poison hits you but does no damage.
You resist.
Okay, then.
You feel yourself speed up.
The salamander no longer looks unusually strong.
The salamander hits you from afar with a +0 halberd!
* * * LOW HITPOINT WARNING * * *
You are engulfed in flames!
You resist.
* * * LOW HITPOINT WARNING * * *
The naga sharpshooter spits poison at you.
You block the splash of poison.
Your orange demon stings the salamander but does no damage.
The salamander hits you from afar with a +0 heavy halberd!
You die...

####..................
.........../........
..................##
#...............<.# ...
#.....4...........# ....
#.....†)...........# #...
#...)..NNN........... #...##
#....................#
#....####...(...@.S...........N
#...............N...........N...
#..............................N
#.....................N.
#.....#.................
#.....##................
#....###.$#.............
#....###..##............
......##..# #...


You could see a naga sharpshooter (catching breath), 3 salamanders, a mana
viper, a naga (catching breath) and a friendly orange demon (summoned).

Vanquished Creatures
  Kirke (D:14)
  Louise (D:15)
  Nessos (D:15)
  A minotaur (Gauntlet)
  Azrael (D:15)
  A green death (Gauntlet)
  An ettin (Orc:2)
  A quicksilver dragon zombie (D:15)
  An entropy weaver (D:14)
  A deep elf high priest (D:12)
  A yaktaur captain (D:12)
  Erolcha (Orc:2)
  4 hydras
  A rakshasa (D:14)
  A vault guard (D:14)
  A merfolk avatar (Lair:5)
  4 centaur warriors
  3 boulder beetles
  2 death scarabs (Gauntlet)
  3 naga warriors
  7 two-headed ogres
  Urug (Lair:5)
  A vampire mage (D:15)
  A death knight (D:14)
  2 naga sharpshooters (Snake:2)
  An orc high priest (Orc:2)
  Nergalle (Orc:2)
  A spectral death yak (Gauntlet)
  4 skysharks
  Lodul (D:12)
  3 salamander mystics
  7 skeletal warriors
  A spectral hydra (Gauntlet)
  2 phantasmal warriors (D:14)
  2 deep elf pyromancers
  A wizard (D:15)
  4 orc knights
  A necromancer (D:15)
  A mana viper (Snake:1)
  A fire giant zombie (D:15)
  A wolf spider (D:15)
  6 ugly things
  An orc sorcerer (Orc:2)
  4 salamanders (Snake:1)
  3 manticores
  6 cyclopes
  15 elephants
  9 cane toads
  8 black mambas
  3 gargoyles
  A frost giant skeleton (D:15)
  A molten gargoyle (D:12)
  An orange demon (Gauntlet)
  2 naga magi (Snake:1)
  Maggie (D:7)
  2 unseen horrors (D:11)
  A freezing wraith (D:14)
  A yaktaur (D:14)
  7 komodo dragons
  7 rime drakes
  7 polar bears
  4 trolls
  A wind drake (Lair:5)
  A hornet (shapeshifter) (D:12)
  13 blink frogs
  9 dream sheep
  4 hornets
  A snapping turtle (Lair:5)
  A spectral dream sheep (Gauntlet)
  A spriggan zombie (D:15)
  9 slime creatures
  4 shadows
  A centaur simulacrum (D:14)
  3 wyverns
  A vampire (D:8)
  69 yaks
  3 fire elementals
  2 water elementals (D:15)
  A wraith (D:10)
  3 hogs (D:14)
  11 basilisks
  8 steam dragons
  8 vampire mosquitoes
  3 wargs
  An acid dragon (D:9)
  9 nagas
  A floating eye (D:14)
  9 water moccasins
  4 hell hounds (D:15)
  25 orc warriors
  An ice beast (D:7)
  15 ogres
  4 centaurs
  21 wolves
  A scorpion (D:6)
  2 gnoll sergeants
  5 bullfrogs
  11 wights
  8 killer bees (D:8)
  11 howler monkeys
  6 electric eels
  3 jellies
  A lava snake (D:12)
  17 orc priests
  13 hounds
  6 gnoll boudas
  2 sleepcaps
  2 iguanas
  25 orc wizards
  4 adders
  29 gnolls
  2 white imps
  A worm (D:3)
  4 dart slugs
  69 orcs
  6 bats
  5 endoplasms
  5 giant cockroaches
  2 goblins
  8 hobgoblins
  2 jackals (D:5)
  3 quokkas
  5 ball pythons
  4 frilled lizards (D:1)
  3 kobolds
  4 rats
681 creatures vanquished.

Vanquished Creatures (collateral kills)
  An orc warlord (Orc:2)
  3 hydras
  An ogre mage (D:15)
  A catoblepas (Lair:3)
  A two-headed ogre (D:15)
  An orc high priest (Orc:2)
  Sonja (D:12)
  A deep elf pyromancer (D:14)
  An orc knight (Orc:2)
  An orc sorcerer (Orc:2)
  A manticore (D:13)
  A meliai (D:12)
  A polar bear (Lair:4)
  A wraith (D:14)
  2 yaks (D:10)
  A fire elemental (Lair:3)
  A steam dragon (Lair:2)
  A naga (Snake:2)
  A water moccasin (Lair:4)
  2 orc warriors (Orc:2)
  A wolf (Lair:2)
  A bullfrog (Lair:3)
  An electric eel (D:15)
  2 orc priests (Orc:2)
  2 orc wizards (Orc:2)
31 creatures vanquished.

Vanquished Creatures (others)
  An elephant (Lair:5)
  An electric eel (D:15)
2 creatures vanquished.

Grand Total: 714 creatures vanquished

Notes
Turn   | Place    | Note
-------+----------+-------------------------------------------
     0 | D:1      | Kurtz the Octopode Fighter began the quest for the Orb.
     0 | D:1      | Reached XP level 1. HP: 16/16 MP: 1/1
     2 | D:1      | Noticed an ogre
     2 | D:1      | Noticed a demonspawn
     4 | D:1      | Noticed a demigod
     4 | D:1      | Noticed a meteoran
     6 | D:1      | Noticed an elf
     6 | D:1      | Noticed a gargoyle
     8 | D:1      | Noticed an octopode
    10 | D:1      | Noticed a troll
    10 | D:1      | Noticed a formicid
    12 | D:1      | Noticed a naga
    12 | D:1      | Noticed a vine stalker
    14 | D:1      | Noticed a ghoul
    14 | D:1      | Noticed a merfolk
    18 | D:1      | Noticed a vampire
    18 | D:1      | Noticed a draconian
    20 | D:1      | Noticed a human
    20 | D:1      | Noticed a spriggan
    22 | D:1      | Noticed an armataur
    22 | D:1      | Noticed a tengu
    24 | D:1      | Noticed a troll
    24 | D:1      | Noticed a felid
   308 | D:1      | Reached XP level 2. HP: 21/21 MP: 2/2
   369 | D:1      | Reached skill level 3 in Axes
   666 | D:1      | Reached XP level 3. HP: 26/26 MP: 3/3
   739 | D:2      | Found Ruigg's Assorted Antiques.
  1243 | D:2      | Reached skill level 4 in Axes
  1322 | D:2      | Found a burning altar of Makhleb.
  1414 | D:2      | Became a worshipper of Makhleb the Destroyer
  1471 | D:3      | Reached XP level 4. HP: 31/31 MP: 4/4
  1602 | D:3      | Found a sacrificial altar of Ru.
  1846 | D:3      | Reached XP level 5. HP: 9/36 MP: 5/5
  2001 | D:3      | Found a bloodstained altar of Trog.
  2007 | D:3      | Got a gaudy book
  2188 | D:3      | Found an opulent altar of Gozag.
  2188 | D:3      | Found a sparkling altar of Nemelex Xobeh.
  2219 | D:3      | Reached * piety under Makhleb
  2423 | D:4      | Reached skill level 1 in Invocations
  2494 | D:4      | Reached skill level 5 in Axes
  2527 | D:3      | Reached XP level 6. HP: 39/42 MP: 6/6
  3011 | D:4      | Found a transporter.
  3015 | D:4      | Found a transporter.
  3015 | D:4      | Noticed gribnar's ghost (amateur OpSh)
  3079 | D:4      | Noticed a water moccasin
  3083 | D:4      | Killed a water moccasin
  3199 | D:4      | Reached skill level 6 in Axes
  3698 | D:5      | Entered Level 5 of the Dungeon
  3723 | D:4      | Reached XP level 7. HP: 47/47 MP: 8/8
  4042 | D:5      | Reached ** piety under Makhleb
  4168 | D:5      | Identified the +8 hand axe of Ehotaarus {drain, Drain rC+
                  | rCorr Str+2}
  4182 | D:5      | Noticed a two-headed ogre
  4193 | D:5      | Killed a two-headed ogre
  4194 | D:5      | Reached skill level 5 in Fighting
  4194 | D:5      | Reached skill level 7 in Axes
  4194 | D:5      | Reached XP level 8. HP: 54/55 MP: 8/10
  4259 | D:5      | Reached skill level 5 in Shields
  4288 | D:5      | Found a shimmering blue altar of Sif Muna.
  4699 | D:6      | Reached skill level 5 in Dodging
  4959 | D:6      | Reached XP level 9. HP: 51/62 MP: 11/11
  5022 | D:6      | Found a broken altar of Ashenzari.
  5956 | D:7      | Reached skill level 8 in Axes
  6101 | D:7      | Reached *** piety under Makhleb
  6118 | D:7      | Found a staircase to the Ecumenical Temple.
  6143 | D:7      | Identified the +6 quarterstaff of Ducvax {flame, +Blink
                  | Str+9 Int-4}
  6185 | D:7      | Noticed Maggie
  6547 | D:7      | Killed Maggie
  6768 | D:8      | You fall into a shaft and drop 2 floors!
  6768 | D:10     | Entered Level 10 of the Dungeon
  6805 | D:10     | Reached skill level 9 in Axes
  6807 | D:10     | Reached XP level 10. HP: 40/69 MP: 13/13
  7315 | D:8      | Reached skill level 5 in Invocations
  7326 | D:8      | Reached **** piety under Makhleb
  7335 | D:8      | Reached skill level 10 in Axes
  7362 | D:8      | Identified the ring "Daygygaj" {rF- Will+ MP+9 Str-4 Int+5}
  7362 | D:8      | Noticed a centaur warrior
  7378 | D:8      | Killed a centaur warrior
  7467 | D:8      | Noticed a boulder beetle
  7499 | D:8      | Killed a boulder beetle
  7647 | D:8      | Reached XP level 11. HP: 75/75 MP: 15/15
  7678 | D:8      | Found a shadowy altar of Dithmenos.
  7718 | D:8      | Noticed a brown ugly thing
  7736 | D:8      | Killed a brown ugly thing
  7788 | D:8      | Reached skill level 11 in Axes
  7821 | D:8      | Got a colourful book
  8197 | D:8      | Found a white marble altar of Elyvilon.
  8197 | D:8      | Found a glowing golden altar of the Shining One.
  8197 | D:8      | Found a glowing silver altar of Zin.
  8268 | D:8      | Identified the +0 leather armour of the Platytaur {*Slow
                  | rElec Will+ Str+4}
  8350 | D:9      | Identified the +8 morningstar "Ibbargh" {heavy, MP+9}
  8822 | D:10     | Found a basalt altar of Yredelemnul.
  8991 | D:10     | Found a burning altar of Makhleb.
  9508 | D:11     | Reached ***** piety under Makhleb
  9515 | D:11     | Found a staircase to the Orcish Mines.
  9819 | D:11     | Reached skill level 12 in Axes
  9850 | D:11     | Noticed a two-headed ogre
  9857 | D:11     | Killed a two-headed ogre
 10140 | D:11     | Found a staircase to the Lair.
 10488 | D:12     | Noticed a boulder beetle
 10505 | D:12     | Killed a boulder beetle
 10506 | D:12     | Reached XP level 12. HP: 73/84 MP: 16/16
 10770 | D:12     | Noticed Lodul
 10791 | D:12     | Killed Lodul
 10876 | D:12     | Noticed a two-headed ogre
 10925 | D:12     | Killed a two-headed ogre
 11131 | D:12     | Noticed Sonja
 11146 | D:12     | Killed Sonja
 11147 | D:12     | Reached skill level 13 in Axes
 12277 | D:12     | Noticed a two-headed ogre
 12293 | D:12     | Killed a two-headed ogre
 12323 | D:12     | Noticed a centaur warrior
 12375 | D:12     | Killed a centaur warrior
 12482 | D:12     | Noticed a boulder beetle
 12517 | D:12     | Killed a boulder beetle
 12543 | D:12     | Reached XP level 13. HP: 92/92 MP: 19/19
 12629 | D:12     | Noticed a yaktaur captain
 12629 | D:12     | Noticed a deep elf high priest
 12633 | D:12     | Reached skill level 10 in Fighting
 12645 | D:12     | Killed a deep elf high priest
 13116 | D:12     | Killed a yaktaur captain
 13235 | D:12     | Identified the staff of Classification {rElec rF+ Int+4
                  | Fire}
 13687 | D:13     | Found a gate leading to a gauntlet.
 13808 | D:13     | Reached skill level 14 in Axes
 13919 | Gauntlet | Entered a Gauntlet
 13919 | Gauntlet | Found a transporter.
 13919 | Gauntlet | Found a transporter.
 13978 | Gauntlet | Found a transporter.
 13981 | Gauntlet | Found a transporter.
 13981 | Gauntlet | Found a transporter.
 13981 | Gauntlet | Found a transporter.
 13995 | Gauntlet | Found a transporter.
 13997 | Gauntlet | Found a transporter.
 13997 | Gauntlet | Noticed a green death
 14009 | Gauntlet | Found a transporter.
 14107 | Gauntlet | Found a transporter.
 14109 | Gauntlet | Found a transporter.
 14121 | Gauntlet | Found a transporter.
 14349 | Gauntlet | Killed a green death
 14350 | Gauntlet | Reached skill level 10 in Dodging
 14350 | Gauntlet | Reached skill level 10 in Invocations
 14362 | Gauntlet | Identified the ring "Rerit" {rElec rN++ AC+4}
 14386 | Gauntlet | Identified the +0 cloak of the Several Yaks {rC- rN+ Str+3}
 14519 | Gauntlet | Identified the +0 shortbow of Turmoil {heavy, rElec}
 14519 | Gauntlet | Noticed a minotaur
 14540 | Gauntlet | Killed a minotaur
 14612 | Gauntlet | Identified the +1 cloak of Idealism {rElec rCorr}
 14748 | Lair:1   | Entered Level 1 of the Lair of Beasts
 15354 | Lair:1   | Reached XP level 14. HP: 101/101 MP: 21/21
 15365 | Lair:1   | Learned a level 5 spell: Borgnjor's Vile Clutch
 15979 | Lair:2   | Found a staircase to the Snake Pit.
 16142 | Lair:2   | Reached skill level 1 in Necromancy
 16223 | Lair:2   | Reached skill level 1 in Earth Magic
 16238 | Lair:2   | Reached skill level 1 in Spellcasting
 16764 | Lair:3   | Found a staircase to the Shoals.
 17731 | Lair:4   | Found a staircase to the Slime Pits.
 17879 | Lair:4   | Reached skill level 10 in Shields
 18234 | Lair:5   | Entered Level 5 of the Lair of Beasts
 18246 | Lair:5   | Reached skill level 1 in Stealth
 18427 | Lair:5   | Reached XP level 15. HP: 89/109 MP: 23/23
 18463 | Lair:5   | Identified 2 scrolls of acquirement
 18464 | Lair:5   | Acquired the ring "Fip Bieg" {Wiz rN+ Str+2}
 18465 | Lair:5   | Acquired the +4 broad axe "Adalou" {speed, Str+3}
 19283 | Lair:5   | Found the ring of the Octopus King
 19286 | Lair:5   | Identified a ring of the Octopus King {HP+2 AC+2 EV+2 SH+2
                  | SInv}
 19600 | Lair:4   | Reached skill level 15 in Axes
 19890 | Lair:5   | Noticed Urug
 19916 | Lair:5   | Killed Urug
 20345 | Orc:1    | Entered Level 1 of the Orcish Mines
 20652 | Orc:2    | Entered Level 2 of the Orcish Mines
 20660 | Orc:2    | Found a staircase to the Elven Halls.
 20674 | Orc:2    | Reached ****** piety under Makhleb
 20719 | Orc:2    | Found Niustiace's Book Boutique.
 20732 | Orc:2    | Bought a manual of Shields for 880 gold pieces
 20742 | Orc:2    | Noticed Nergalle
 20905 | Orc:2    | Killed Nergalle
 20915 | Orc:2    | Noticed Erolcha
 20925 | Orc:2    | Killed Erolcha
 21045 | Orc:2    | Noticed an orc warlord
 21066 | Orc:2    | Killed an orc warlord
 21067 | Orc:2    | Reached skill level 16 in Axes
 21086 | Orc:2    | Found Haff's General Store.
 21092 | Orc:2    | Found Werghyca's Antique Armour Shoppe.
 21247 | Orc:2    | Found Saczih's Antique Weapon Shoppe.
 21261 | Orc:2    | Found Amudgh's Book Shoppe.
 21357 | Orc:2    | Bought a potion of curing for 42 gold pieces
 21357 | Orc:2    | Bought a potion of might for 56 gold pieces
 21814 | Orc:2    | Learned a level 2 spell: Wereblood
 22048 | D:2      | Bought a scroll of enchant weapon for 142 gold pieces
 22048 | D:2      | Bought a scroll of noise for 19 gold pieces
 22048 | D:2      | Bought a scroll of fear for 76 gold pieces
 22048 | D:2      | Bought a scroll of enchant armour for 142 gold pieces
 23168 | D:14     | Found Voagihuv's Distillery.
 23176 | D:14     | Bought 2 potions of magic for 256 gold pieces
 23176 | D:14     | Bought a potion of berserk rage for 80 gold pieces
 23176 | D:14     | Bought a potion of curing for 48 gold pieces
 23176 | D:14     | Bought a potion of heal wounds for 80 gold pieces
 23176 | D:14     | Bought a potion of curing for 48 gold pieces
 23176 | D:14     | Bought a potion of curing for 48 gold pieces
 23200 | D:14     | Reached skill level 1 in Transmutations
 23232 | D:14     | Found an ornate altar of the Wu Jian Council.
 23258 | D:14     | Found a gate to the Vaults.
 23424 | D:14     | Paralysed by a floating eye for 3 turns
 23635 | D:14     | Reached XP level 16. HP: 116/116 MP: 24/24
 23723 | D:15     | Entered Level 15 of the Dungeon
 23723 | D:15     | Noticed Nessos
 23743 | D:15     | Reached skill level 17 in Axes
 23800 | D:15     | Noticed Kirke
 23930 | D:14     | Killed Kirke
 24078 | D:15     | Noticed Louise
 24092 | D:15     | Killed Louise
 24222 | D:15     | Noticed Azrael
 24245 | D:15     | Killed Azrael
 24311 | D:15     | Killed Nessos
 24879 | D:15     | Found a runed translucent gate.
 24880 | D:15     | Found a runed translucent gate.
 24880 | D:15     | Noticed MrSquiggles's ghost (adept HuFE)
 24881 | D:15     | Found a runed translucent gate.
 25001 | D:15     | Found a staircase to the Depths.
 25177 | D:15     | Reached skill level 18 in Axes
 25418 | Snake:1  | Entered Level 1 of the Snake Pit
 25979 | Snake:1  | Found Kogguc's Magic Scroll Boutique.
 25989 | Snake:1  | Bought a scroll of blinking for 90 gold pieces
 25989 | Snake:1  | Bought a scroll of identify for 24 gold pieces
 25989 | Snake:1  | Bought a scroll of identify for 24 gold pieces
 25989 | Snake:1  | Bought a scroll of identify for 24 gold pieces
 25989 | Snake:1  | Bought a scroll of revelation for 90 gold pieces
 26868 | Snake:2  | HP: 5/118 [salamander/+0 halberd (7)]
 26868 | Snake:2  | Slain by a salamander

Illustrated notes

Levels and vault maps discovered:
D:1:      kb_arrival_jail, layout_loops_cross
D:2:      layout_rooms, serial_shops, shop, basic_altar, minmay_joined_circles
D:3:      layout_loops_ring, nicolae_ru_sacrificial_ziggurat, trog_book,
          grunt_temple_overflow_opulence, minmay_ruptured
D:4:      layout_cave_pods, gammafunk_ghost_arena
D:5:      layout_cave_pools, lemuel_crystal_altar, serial_gnoll_camp,
          gnoll_camp_mini_hut, gnoll_camp_mini_basic, gnoll_camp_mini_hut,
          gnoll_camp_mini_basic
D:6:      layout_cave_pods, mainiacjoe_overflow_tiny_flanked,
          kb_lookout_dungeons_type
D:7:      layout_basic, temple_statues, uniq_maggie
D:8:      minmay_the_grid_plus [minmay_the_grid_empty, minmay_the_grid_dragon_a,
          minmay_the_grid_minigrid_large, minmay_the_grid_large_cup,
          minmay_the_grid_prize_trominoes], layout_rooms, good_gods_mini_temple,
          mainiacjoe_overflow_catwalk
D:9:      layout_gridville, chequers_serial_rivers_room_b
D:10:     layout_grid_maze, marbit_many_paths, mainiacjoe_overflow_paths
D:11:     layout_loops_corners, erik_lair_island, hiddenorc2_lemuel
D:12:     kennysheep_four_of_diamonds, layout_loops_corners, uniq_sonja,
          uniq_lodul
D:13:     layout_basic, gauntlet_entry_generic, serial_bayou_pond_e
D:14:     hellmonk_paralyzer, layout_cross, hellmonk_vaults_order_and_chaos,
          serial_shops, nicolae_lakefront_shop, pdpol_wu_jian_five_deadly_venoms
D:15:     gammafunk_depths_entry_grave, layout_basic,
          maelrawn_ghost_gauntlet_escape, dreamdust_wishing_well, uniq_nessos,
          uniq_azrael, uniq_kirke, uniq_louise
Lair:1:   layout_cave_shapes
Lair:2:   layout_regular_city, dummy_snake_entry
Lair:3:   layout_chaotic_city, elwin_shoals_entry_rocks
Lair:4:   layout_loops_ring, slime_entry_1, chequers_serial_rivers_small_a,
          serial_bayou_pond_d, chequers_serial_rivers_large_b,
          beast_lair_carwin_10
Lair:5:   gammafunk_lair_ancient_temple, layout_regular_city,
          infiniplex_staircase_pool, uniq_urug
Snake:1:  layout_layer_cave, serial_shops, nicolae_shop_crystal,
          nicolae_integral_box
Snake:2:  layout_layer_cave, special_room
Orc:1:    layout_caves, basic_altar
Orc:2:    grunt_orc_cross, layout_caves, serial_shops, shop, mines1_david,
          uniq_erolcha

Skill      XL: |  1  2  3  4  5  6  7  8  9 10 11 12 13 14 15 16 |
---------------+-------------------------------------------------+-----
Axes           | 3 4 5 6 7 9 10 12 13 14 16 18 | 18.0
Invocations    | 1 3 4 5 6 8 10 11 | 11.5
Fighting       | 5 6 7 8 9 11 12 | 12.6
Dodging        | 4 5 6 7 8 9 10 11 | 11.6
Shields        | 4 5 6 7 8 9 10 11 13 | 13.7
Necromancy     | 2 3 |  3.7
Earth Magic    | 3 |  3.8
Spellcasting   | 2 3 |  3.3
Stealth        | 1 |  1.6
Transmutations | 1 2 |  2.0

Action                     |  1- 3 |  4- 6 |  7- 9 | 10-12 | 13-15 | 16-18 || total
---------------------------+-------+-------+-------+-------+-------+-------++-------
  Melee: War axe           |    65 |    23 |       |       |       |       ||    88
         Constrict         |    19 |    21 |    41 |    60 |   112 |    28 ||   281
         Tentacles         |    10 |    22 |    41 |   134 |   282 |    87 ||   576
         Punch             |     1 |     3 |     2 |     8 |    20 |     2 ||    36
         Whip              |       |    55 |    43 |       |       |       ||    98
         Hand axe          |       |       |   115 |   463 |   529 |       ||  1107
         Broad axe         |       |       |       |       |   365 |   248 ||   613
  Throw: Dart              |       |     2 |     2 |    26 |    15 |     5 ||    50
 Invoke: Minor Destruction |       |       |     6 |    25 |    42 |     5 ||    78
         Lesser Servant of |       |       |     1 |     2 |    24 |     6 ||    33
         Major Destruction |       |       |       |       |     4 |       ||     4
         Greater Servant o |       |       |       |       |     1 |     1 ||     2
  Evoke: Wand              |       |     2 |     5 |     3 |    18 |    10 ||    38
         Lightning rod     |       |       |       |       |     7 |     2 ||     9
         Sack of spiders   |       |       |       |       |     1 |       ||     1
         Phial of floods   |       |       |       |       |       |     1 ||     1
    Use: Potion            |       |     1 |     1 |       |     6 |     2 ||    10
         Scroll            |       |       |    14 |     5 |     9 |     5 ||    33
   Stab: Sleeping          |     6 |       |     2 |     5 |     7 |     6 ||    26
         Distracted        |       |       |       |     2 |     6 |     1 ||     9
 Armour: Skin              |    27 |    26 |    74 |   149 |   344 |    79 ||   699
  Dodge: Dodged            |    45 |    49 |   100 |   211 |   429 |    86 ||   920
  Block: Buckler           |     8 |    19 |    45 |   129 |   310 |     9 ||   520
         Tower shield      |       |       |       |       |       |   112 ||   112

Table legend: (Time is in decaauts)
 A = Elapsed time spent in this place.
 B = Non-inter-level travel time spent in this place.
 C = Inter-level travel time spent in this place.
 D = Time resting spent in this place.
 E = Time spent auto-exploring this place.
 F = Levels seen in this place.
 G = Mean time per level.
                   A        B        C        D        E       F      G
               +--------+--------+--------+--------+--------+-----+--------+
         Total |  26360 |  23556 |   2804 |   4704 |  13130 |  25 | 1054.4 |
       Dungeon |  17335 |  15394 |   1941 |   3685 |   7834 |  15 | 1155.7 |
          Lair |   5427 |   4797 |    630 |    671 |   3067 |   5 | 1085.4 |
     Snake Pit |   1416 |   1307 |    109 |     61 |   1031 |   2 |  708.0 |
  Orcish Mines |   1430 |   1308 |    122 |     12 |   1002 |   2 |  715.0 |
      Gauntlet |    750 |    750 |      0 |    274 |    196 |   1 |  750.0 |
               +--------+--------+--------+--------+--------+-----+--------+

Top non-repeatable levels by time:
    D:12: 2665 daAuts
    D:11: 1690 daAuts
  Lair:5: 1435 daAuts
    D:15: 1321 daAuts
     D:4: 1301 daAuts
 Snake:1: 1279 daAuts
     D:6: 1236 daAuts
  Lair:1: 1181 daAuts
     D:8: 1151 daAuts
    D:10: 1147 daAuts
     D:3: 1099 daAuts
  Lair:4: 1087 daAuts
   Orc:2: 999 daAuts
     D:7: 989 daAuts
    D:14: 932 daAuts
